TOP OF THE 1ST |
Wilmington Bay Hawks batting - Pitching for Sioux Falls Red Pandas : RHP Cisco Cruz
|
Pitching: RHP Cisco Cruz
|
|
Batting: RHB Raúl Guerrero
|
0-0: Foul Ball, location: 2F 0-1: SINGLE (Line Drive, 8LS)
|
Batting: LHB Phil Parkinson
|
0-0: Foul Ball, location: 2F 0-1: Called Strike Raúl Guerrero is caught stealing 2nd base 0-2: Ball 1-2: Ground out 6-3 (Groundball, 6M)
|
Batting: RHB Byron Isaacson
|
0-0: Ball 1-0: Ball 2-0: Ball 3-0: Base on Balls
|
Batting: LHB Brad Lawrence
|
0-0: Called Strike 0-1: 2-RUN HOME RUN (Flyball, 89XD), Distance : 450 ft
|
Batting: RHB Phil Terry
|
0-0: Called Strike 0-1: Swinging Strike 0-2: Ball 1-2: Strikes out looking
|
Top of the 1st over - 2 run(s), 2 hit(s), 0 error(s), 0 left on base; Wilmington 2 - Sioux Falls 0 |
BOTTOM OF THE 1ST |
Sioux Falls Red Pandas batting - Pitching for Wilmington Bay Hawks : RHP Riley Breckenridge
|
Pitching: RHP Riley Breckenridge
|
|
Batting: RHB Emílio Ortíz
|
0-0: Swinging Strike 0-1: Ball 1-1: Fly out, F9 (Flyball, 89M)
|
Batting: RHB David Ramírez
|
0-0: Ball 1-0: Foul Ball, location: 2F 1-1: Swinging Strike 1-2: Foul Ball, location: 2F 1-2: Strikes out swinging
|
Batting: LHB David Martínez
|
0-0: Ball 1-0: Called Strike 1-1: Called Strike 1-2: Ball 2-2: Foul Ball, location: 2F 2-2: SINGLE (Groundball, 4MD)
|
Batting: RHB Miguel Rodríguez
|
0-0: Called Strike 0-1: Called Strike 0-2: Ball 1-2: SINGLE (Groundball, 56D) David Martínez to second
|
Batting: RHB Eduardo Sánchez
|
0-0: Ball 1-0: Called Strike 1-1: Ball 2-1: Swinging Strike 2-2: Fielders Choice at 2nd, 6-4 (Groundball, 6)
|
Bottom of the 1st over - 0 run(s), 2 hit(s), 0 error(s), 1 left on base; Wilmington 2 - Sioux Falls 0 |
TOP OF THE 2ND |
Wilmington Bay Hawks batting - Pitching for Sioux Falls Red Pandas : RHP Cisco Cruz
|
Batting: RHB Artie Miller
|
0-0: Ball 1-0: Fly out, F5 (Line Drive, 56)
|
Batting: RHB Abdul-Fattah bin Najjar
|
0-0: Ball 1-0: Fly out, F5 (Line Drive, 5L)
|
Batting: RHB Clarence Therrien
|
0-0: Foul Ball, location: 2F 0-1: Ground out 4-3 (Groundball, 4)
|
Top of the 2nd over - 0 run(s), 0 hit(s), 0 error(s), 0 left on base; Wilmington 2 - Sioux Falls 0 |
BOTTOM OF THE 2ND |
Sioux Falls Red Pandas batting - Pitching for Wilmington Bay Hawks : RHP Riley Breckenridge
|
Batting: SHB Carroll Kline
|
0-0: Reached on error, E4 (Groundball, 4)
|
Batting: SHB Tsing Guao
|
0-0: Ball 1-0: Grounds into double play, 4-6-3 (Groundball, 4)
|
Batting: SHB Todd Hill
|
0-0: Ball 1-0: Ball 2-0: Ball 3-0: Called Strike 3-1: Base on Balls
|
Batting: RHB Donald Stanley
|
0-0: Called Strike 0-1: Swinging Strike 0-2: Strikes out swinging
|
Bottom of the 2nd over - 0 run(s), 0 hit(s), 1 error(s), 1 left on base; Wilmington 2 - Sioux Falls 0 |
TOP OF THE 3RD |
Wilmington Bay Hawks batting - Pitching for Sioux Falls Red Pandas : RHP Cisco Cruz
|
Batting: RHB Ray Flynn
|
0-0: Swinging Strike 0-1: Swinging Strike 0-2: DOUBLE (Flyball, 89D)
|
Batting: RHB Raúl Guerrero
|
0-0: Ball 1-0: Called Strike 1-1: Ball 2-1: Ball 3-1: Base on Balls
|
Batting: LHB Phil Parkinson
|
0-0: Foul Ball, location: 2F 0-1: Ball 1-1: Fly out, F4 (Line Drive, 4)
|
Batting: RHB Byron Isaacson
|
0-0: Called Strike Ray Flynn steals 3rd base Raúl Guerrero to second 0-1: SINGLE (Groundball, 34D) Ray Flynn scores Raúl Guerrero to third Runner from 3rd tries for Home, SAFE, no throw
|
Batting: LHB Brad Lawrence
|
0-0: Ball 1-0: Foul Ball, location: 2F 1-1: Foul Ball, location: 2F 1-2: Fly out, F8 (Flyball, 89M)
|
Batting: RHB Phil Terry
|
0-0: Fly out, F6 (Popup, 5D)
|
Top of the 3rd over - 2 run(s), 2 hit(s), 0 error(s), 1 left on base; Wilmington 4 - Sioux Falls 0 |
BOTTOM OF THE 3RD |
Sioux Falls Red Pandas batting - Pitching for Wilmington Bay Hawks : RHP Riley Breckenridge
|
Batting: RHB Emílio Ortíz
|
0-0: Called Strike 0-1: Ball 1-1: Called Strike 1-2: Foul Ball, location: 2F 1-2: Ball 2-2: Foul Ball, location: 2F 2-2: Foul Ball, location: 2F 2-2: Ball 3-2: Foul Ball, location: 2F 3-2: SINGLE (Groundball, 34D)
|
Batting: RHB David Ramírez
|
0-0: Ball 1-0: Foul Ball, location: 2F 1-1: Fly out, F6 (Line Drive, 6)
|
Batting: LHB David Martínez
|
0-0: Ball 1-0: Ball 2-0: Ball 3-0: Called Strike 3-1: Called Strike 3-2: Base on Balls Emílio Ortíz to second
|
Batting: RHB Miguel Rodríguez
|
0-0: Grounds into double play, 4-6-3 (Groundball, 4)
|
Bottom of the 3rd over - 0 run(s), 1 hit(s), 0 error(s), 1 left on base; Wilmington 4 - Sioux Falls 0 |
TOP OF THE 4TH |
Wilmington Bay Hawks batting - Pitching for Sioux Falls Red Pandas : RHP Cisco Cruz
|
Batting: RHB Artie Miller
|
0-0: SINGLE (Groundball, 6MD)
|
Batting: RHB Abdul-Fattah bin Najjar
|
0-0: SINGLE (Line Drive, 78S) Artie Miller to second
|
Batting: RHB Clarence Therrien
|
0-0: Ball 1-0: Called Strike 1-1: Ground out 5-3 (Groundball, 56S) Artie Miller to third Abdul-Fattah bin Najjar to second
|
Batting: RHB Ray Flynn
|
0-0: Swinging Strike 0-1: Fly out, F7 (Flyball, 7)
|
Batting: RHB Raúl Guerrero
|
0-0: Ball 1-0: Ball 2-0: Called Strike 2-1: Fly out, F8 (Flyball, 8RXD)
|
Top of the 4th over - 0 run(s), 2 hit(s), 0 error(s), 2 left on base; Wilmington 4 - Sioux Falls 0 |
BOTTOM OF THE 4TH |
Sioux Falls Red Pandas batting - Pitching for Wilmington Bay Hawks : RHP Riley Breckenridge
|
Batting: RHB Eduardo Sánchez
|
0-0: Ball 1-0: Swinging Strike 1-1: Ball 2-1: Foul Ball, location: 2F 2-2: Ball 3-2: Fly out, F5 (Line Drive, 5S)
|
Batting: SHB Carroll Kline
|
0-0: Ball 1-0: Fly out, F7 (Flyball, 7S)
|
Batting: SHB Tsing Guao
|
0-0: Ball 1-0: Swinging Strike 1-1: Foul Ball, location: 2F 1-2: Ball 2-2: Foul Ball, location: 2F 2-2: Strikes out swinging
|
Bottom of the 4th over - 0 run(s), 0 hit(s), 0 error(s), 0 left on base; Wilmington 4 - Sioux Falls 0 |
TOP OF THE 5TH |
Wilmington Bay Hawks batting - Pitching for Sioux Falls Red Pandas : RHP Cisco Cruz
|
Pitching: RHP Shao-qi Phan
|
|
Batting: LHB Phil Parkinson
|
0-0: Swinging Strike 0-1: Ball 1-1: Ground out 4-3 (Groundball, 34)
|
Batting: RHB Byron Isaacson
|
0-0: Ball 1-0: Foul Ball, location: 2F 1-1: Ball 2-1: Ball 3-1: Ground out 6-3 (Groundball, 6M)
|
Batting: LHB Brad Lawrence
|
0-0: Foul Ball, location: 2F 0-1: Fly out, F9 (Line Drive, 9LM)
|
Top of the 5th over - 0 run(s), 0 hit(s), 0 error(s), 0 left on base; Wilmington 4 - Sioux Falls 0 |
BOTTOM OF THE 5TH |
Sioux Falls Red Pandas batting - Pitching for Wilmington Bay Hawks : RHP Riley Breckenridge
|
Batting: SHB Todd Hill
|
0-0: Called Strike 0-1: Fly out, F8 (Flyball, 78M)
|
Batting: RHB Donald Stanley
|
0-0: Swinging Strike 0-1: Foul Ball, location: 2F 0-2: Ball 1-2: Ground out 5-3 (Groundball, 56)
|
Batting: RHB Emílio Ortíz
|
0-0: Ball 1-0: Called Strike 1-1: Fly out, F9 (Flyball, 9)
|
Bottom of the 5th over - 0 run(s), 0 hit(s), 0 error(s), 0 left on base; Wilmington 4 - Sioux Falls 0 |
TOP OF THE 6TH |
Wilmington Bay Hawks batting - Pitching for Sioux Falls Red Pandas : RHP Shao-qi Phan
|
Batting: RHB Phil Terry
|
0-0: Foul Ball, location: 2F 0-1: Ball 1-1: Called Strike 1-2: Ground out 5-3 (Groundball, 5S)
|
Batting: RHB Artie Miller
|
0-0: Foul Ball, location: 2F 0-1: Called Strike 0-2: SINGLE (Line Drive, 6D)
|
Pitching: RHP Guillermo Pérez
|
|
Batting: RHB Abdul-Fattah bin Najjar
|
0-0: Ball 1-0: Foul Ball, location: 2F 1-1: Ball 2-1: Fly out, F8 (Flyball, 8RM)
|
Batting: RHB Clarence Therrien
|
0-0: Ball 1-0: Ball Wild Pitch! Artie Miller to second 2-0: Ball 3-0: Called Strike 3-1: SINGLE (Groundball, 34D) Artie Miller to third Runner from 3rd tries for Home, SAFE, no throw
|
Batting: RHB Ray Flynn
|
0-0: Fly out, F7 (Flyball, 7LM)
|
Top of the 6th over - 1 run(s), 2 hit(s), 0 error(s), 1 left on base; Wilmington 5 - Sioux Falls 0 |
BOTTOM OF THE 6TH |
Sioux Falls Red Pandas batting - Pitching for Wilmington Bay Hawks : RHP Riley Breckenridge
|
Batting: RHB David Ramírez
|
0-0: Ball 1-0: Foul Ball, location: 2F 1-1: Foul Ball, location: 2F 1-2: Strikes out swinging
|
Batting: LHB David Martínez
|
0-0: Called Strike 0-1: Swinging Strike 0-2: Ball 1-2: Ball 2-2: Ground out 3-1 (Groundball, 34S)
|
Batting: RHB Miguel Rodríguez
|
0-0: Ball 1-0: Swinging Strike 1-1: Foul Ball, location: 2F 1-2: DOUBLE (Flyball, 7D)
|
Batting: RHB Eduardo Sánchez
|
0-0: Foul Ball, location: 2F 0-1: Fly out, F8 (Line Drive, 78M)
|
Bottom of the 6th over - 0 run(s), 1 hit(s), 0 error(s), 1 left on base; Wilmington 5 - Sioux Falls 0 |
TOP OF THE 7TH |
Wilmington Bay Hawks batting - Pitching for Sioux Falls Red Pandas : RHP Guillermo Pérez
|
Batting: RHB Raúl Guerrero
|
0-0: Called Strike 0-1: Ball 1-1: SINGLE (Groundball, 34D)
|
Batting: LHB Phil Parkinson
|
0-0: SINGLE (Groundball, 23) (infield hit) Raúl Guerrero to second
|
Batting: RHB Byron Isaacson
|
0-0: Swinging Strike 0-1: Ball 1-1: Grounds into double play, 5-4-3 (Groundball, 56) Raúl Guerrero to third
|
Batting: LHB Brad Lawrence
|
0-0: Called Strike 0-1: Called Strike 0-2: Ball 1-2: Ball 2-2: Ball 3-2: Ground out 6-3 (Groundball, 6)
|
Top of the 7th over - 0 run(s), 2 hit(s), 0 error(s), 1 left on base; Wilmington 5 - Sioux Falls 0 |
BOTTOM OF THE 7TH |
Sioux Falls Red Pandas batting - Pitching for Wilmington Bay Hawks : RHP Riley Breckenridge
|
Batting: SHB Carroll Kline
|
0-0: Called Strike 0-1: Ball 1-1: Ball 2-1: Foul Ball, location: 2F 2-2: Fly out, F8 (Flyball, 8LM)
|
Batting: SHB Tsing Guao
|
0-0: Called Strike 0-1: Ball 1-1: Fly out, F9 (Flyball, 9)
|
Batting: SHB Todd Hill
|
0-0: Called Strike 0-1: Ball 1-1: Ball 2-1: Swinging Strike 2-2: SINGLE (Line Drive, 78S)
|
Pitching: RHP Lanny Larson
|
|
Batting: RHB Donald Stanley
|
0-0: Ball 1-0: Ball 2-0: Ball 3-0: Ground out 5-3 (Groundball, 56S)
|
Bottom of the 7th over - 0 run(s), 1 hit(s), 0 error(s), 1 left on base; Wilmington 5 - Sioux Falls 0 |
TOP OF THE 8TH |
Wilmington Bay Hawks batting - Pitching for Sioux Falls Red Pandas : RHP Guillermo Pérez
|
Batting: RHB Phil Terry
|
0-0: Called Strike 0-1: Fly out, F9 (Flyball, 9S)
|
Batting: RHB Artie Miller
|
0-0: Ball 1-0: Ball 2-0: Foul Ball, location: 2F 2-1: Called Strike 2-2: DOUBLE (Groundball, 5L)
|
Pitching: RHP Louis Webber
|
|
Batting: RHB Abdul-Fattah bin Najjar
|
0-0: Called Strike 0-1: Called Strike 0-2: Strikes out swinging
|
Batting: RHB Clarence Therrien
|
0-0: Called Strike 0-1: Ball 1-1: Foul Ball, location: 2F 1-2: Strikes out swinging
|
Top of the 8th over - 0 run(s), 1 hit(s), 0 error(s), 1 left on base; Wilmington 5 - Sioux Falls 0 |
BOTTOM OF THE 8TH |
Sioux Falls Red Pandas batting - Pitching for Wilmington Bay Hawks : RHP Lanny Larson
|
Batting: RHB Emílio Ortíz
|
0-0: Swinging Strike 0-1: Swinging Strike 0-2: Foul Ball, location: 2F 0-2: Strikes out swinging
|
Batting: RHB David Ramírez
|
0-0: Foul Ball, location: 2F 0-1: Foul Ball, location: 2F 0-2: Ball 1-2: Foul Ball, location: 2F 1-2: Foul Ball, location: 2F 1-2: Foul Ball, location: 2F 1-2: Ball 2-2: Ground out 5-3 (Groundball, 56)
|
Batting: LHB David Martínez
|
0-0: Swinging Strike 0-1: Ball 1-1: Foul Ball, location: 2F 1-2: Foul Ball, location: 2F 1-2: Ball 2-2: Foul Ball, location: 2F 2-2: Ball 3-2: Strikes out looking
|
Bottom of the 8th over - 0 run(s), 0 hit(s), 0 error(s), 0 left on base; Wilmington 5 - Sioux Falls 0 |
TOP OF THE 9TH |
Wilmington Bay Hawks batting - Pitching for Sioux Falls Red Pandas : RHP Louis Webber
|
Batting: RHB Ray Flynn
|
0-0: Called Strike 0-1: Ball 1-1: Ball 2-1: Ball 3-1: Fly out, F8 (Flyball, 8RM)
|
Batting: RHB Raúl Guerrero
|
0-0: Called Strike 0-1: Ball 1-1: Swinging Strike 1-2: Ball 2-2: Strikes out looking
|
Batting: LHB Phil Parkinson
|
0-0: Foul Ball, location: 2F 0-1: Called Strike 0-2: Foul Ball, location: 2F 0-2: Ball 1-2: Ball 2-2: Strikes out looking
|
Top of the 9th over - 0 run(s), 0 hit(s), 0 error(s), 0 left on base; Wilmington 5 - Sioux Falls 0 |
BOTTOM OF THE 9TH |
Sioux Falls Red Pandas batting - Pitching for Wilmington Bay Hawks : RHP Lanny Larson
|
Pitching: RHP Will O'Slattery
|
|
Batting: RHB Miguel Rodríguez
|
0-0: Foul Ball, location: 2F 0-1: Ball 1-1: Foul Ball, location: 2F 1-2: Ground out 3-1 (Groundball, 34S)
|
Batting: RHB Eduardo Sánchez
|
0-0: Ball 1-0: Ball 2-0: Foul Ball, location: 2F 2-1: SINGLE (Groundball, 6MD)
|
Batting: SHB Carroll Kline
|
0-0: Grounds into double play, 6-4-3 (Groundball, 6)
|
Bottom of the 9th over - 0 run(s), 1 hit(s), 0 error(s), 0 left on base; Wilmington 5 - Sioux Falls 0 |
|